 Dungeon Crawl Stone Soup version 0.29-a0-664-gff9cad4a3d (webtiles) character file.

Game seed: 7503158659051354480

4939 Shayle the Ogre Mage (level 10, -12/100 HPs)
             Began as an Ogre Hedge Wizard on June 22, 2022.
             Was an Initiate of Ashenzari.
             Mangled by a gnoll
             ... wielding a +0 morningstar of protection
              (14 damage)
             ... in a bailey.
             The game lasted 00:42:38 (9162 turns).

Shayle the Ogre Mage (Ogre Hedge Wizard)            Turns: 9162, Time: 00:42:39

Health: -12/100    AC:  6    Str: 16    XL:     10   Next: 52%
Magic:  5/20       EV: 10    Int: 19    God:    Ashenzari [......]
Gold:   375        SH:  5    Dex:  8    Spells: 11/22 levels left

rFire   . . .      SeeInvis +   J - +2 demon blade (elec)
rCold   . . .      Faith    .   (no shield)
rNeg    . . .      Spirit   .   G - +1 troll leather armour {Pargi}
rPois   +          Reflect  +   c - +0 hat
rElec   .          Harm     .   (no cloak)
rCorr   .          Rampage  .   (gloves unavailable)
Will    +....                   (boots unavailable)
Stlth   +.........              q - amulet of reflection
HPRegen 1.06/turn               s - ring of see invisible
MPRegen 0.17/turn               t - ring "Chained Ennui" {rPois, Range, Melee} (curse)

@: very slightly contaminated, invisible (expiring)
A: large, unfitting armour, tough skin 1
a: Renounce Religion, Curse Item, Shatter the Chains


You were in a bailey.
You worshipped Ashenzari.
Ashenzari was noncommittal.
You visited 2 branches of the dungeon, and saw 8 of its levels.
You also visited: Sewer and Bailey.

You collected 375 gold pieces.

Inventory:

Hand Weapons
 g - a +0 vorpal long sword
 n - a +2 flail of holy wrath
 x - a +2 whip of electrocution
 J - a +2 demon blade of electrocution (weapon)
Missiles
 y - 9 poisoned darts
 A - 7 large rocks (quivered)
Armour
 b - a +0 robe
 c - a +0 hat (worn)
 G - a +1 troll leather armour (worn) {Pargi}
Magical Staves
 u - a staff of conjuration
Jewellery
 q - an amulet of reflection (around neck)
 s - a ring of see invisible (left hand)
 t - the cursed ring "Chained Ennui" (right hand) {rPois, Range, Melee}
   (You found it on level 2 of the Dungeon)

   [ring of poison resistance]

   rPois:     It protects you from poison.
   It has a curse which improves the following skills: Ranged Combat: Slings,
   Bows, Crossbows and Throwing.
   Melee Combat: Short Blades, Long Blades, Axes, Maces & Flails, Polearms,
   Staves and Unarmed Combat.
 D - an amulet of guardian spirit
Wands
 B - a wand of flame (3)
 C - a wand of paralysis (2)
 F - a wand of iceblast (1)
Scrolls
 e - 2 scrolls of amnesia
 i - 2 scrolls of noise
 j - 2 scrolls of magic mapping
 k - a scroll of fear {unknown}
 m - 4 scrolls of fog
 w - 3 scrolls of teleportation
Potions
 a - a potion of lignification {unknown}
 d - a potion of magic
 f - 3 potions of flight
 h - a potion of heal wounds {unknown}
 l - 2 potions of degeneration
 o - 4 potions of brilliance
 p - 4 potions of mutation
 r - a potion of attraction {unknown}
 v - a potion of might
 z - 2 potions of curing
 E - a potion of haste {unknown}
 H - 3 potions of resistance
 I - 4 potions of invisibility


   Skills:
 + Level 6.5 Fighting
 + Level 3.2(3.6) Throwing
 + Level 4.8 Dodging
 - Level 1.7 Stealth
 + Level 3.1(3.5) Unarmed Combat
 + Level 6.7 Spellcasting
 + Level 4.6 Conjurations
 + Level 4.6 Summonings
 + Level 4.5 Translocations
 + Level 4.2 Air Magic
 + Level 4.2 Poison Magic


You had 11 spell levels left.
You knew the following spells:

 Your Spells              Type           Power      Damage    Failure   Level
a - Magic Dart            Conj           96%        1d7       1%          1
b - Blink                 Tloc           46%        N/A       3%          2
c - Call Imp              Summ           24%        N/A       3%          2
d - Mephitic Cloud        Conj/Pois/Air  22%        N/A       6%          3
e - Stone Arrow           Conj/Erth      30%        3d8       14%         3

Your spell library contained the following spells:

 Spells                   Type           Power      Damage    Failure   Level
 Apportation              Tloc           46%        N/A       1%          1
 Summon Small Mammal      Summ           96%        N/A       1%          1
 Call Canine Familiar     Summ           24%        N/A       6%          3
 Sandblast                Erth           12%        2d6       13%         1
 Slow                     Hex            24%        N/A       13%         1
 Conjure Flame            Conj/Fire      15%        6-21      14%         3
 Summon Guardian Golem    Hex/Summ       15%        N/A       14%         3
 Portal Projectile        Hex/Tloc       30%        N/A       16%         3
 Passwall                 Tmut/Erth      5%         N/A       19%         2
 Sublimation of Blood     Necr           6%         N/A       19%         2
 Wereblood                Tmut           6%         N/A       19%         2
 Hailstorm                Conj/Ice       15%        3d5       43%         4
 Ice Form                 Ice/Tmut       6%         N/A       77%         4
 Leda's Liquefaction      Hex/Erth       3%         N/A       77%         4
 Fireball                 Conj/Fire      7%         3d5       80%         5
 Alistair's Intoxication  Tmut/Pois      9%         N/A       83%         5
 Simulacrum               Ice/Necr       3%         N/A       100%        6
 Starburst                Conj/Fire      7%         6d4       100%        6
 Malign Gateway           Summ/Tloc      11%        N/A       100%        7
 Summon Hydra             Summ           12%        N/A       100%        7
 Ignition                 Fire           3%         3d4       100%        8
 Summon Horrible Things   Summ           12%        N/A       100%        8


Dungeon Overview and Level Annotations

Branches:
Dungeon (7/15)             Temple (1/1) D:6           Sewer (visited)
 Bailey (1/1)

Altars:
Ashenzari
Cheibriados
Dithmenos
Elyvilon
Fedhas
Hepliaklqana
Makhleb
Nemelex Xobeh
Okawaru
Ru
Sif Muna
Trog
Uskayaw
Vehumet
Wu Jian
Xom
Zin
The Shining One


Innate Abilities, Weirdness & Mutations

You are too large for most types of armour.
You have tough skin. (AC +1)


Message History

You are very lightly contaminated with residual magic.
Nothing appears to happen.
You feel stable enough to blink again.
The orc warrior is engulfed in noxious fumes.
The hobgoblin hits you with a +0 war axe.
Casting: Stone Arrow (dangerous; 14% risk of failure)
Confirm with . or Enter, or press ? or * to list all spells.
Aiming: Stone Arrow (dangerous; 14% risk of failure)
Press: ? - help, Shift-Dir - straight line, f/p - orc warlord
Aim: an orc warlord, wielding a +0 glaive of flaming and wearing a +0 chain mail (moderately wounded, confused, can't see you, 93% to hit)
The stone arrow hits the orc warlord.
The orc warlord is moderately wounded.
The orc warlord seems less confused.
The orc warrior no longer looks unusually strong.
The orc warlord roars a battlecry!
The orc warrior goes into a battle-frenzy!
The hobgoblin hits you with a +0 war axe.
The hobgoblin hits you but does no damage.
Casting: Stone Arrow (dangerous; 14% risk of failure)
Confirm with . or Enter, or press ? or * to list all spells.
Aiming: Stone Arrow (dangerous; 14% risk of failure)
Press: ? - help, Shift-Dir - straight line, f/p - orc warlord
Aim: an orc warlord, wielding a +0 glaive of flaming and wearing a +0 chain mail (moderately wounded, can't see you, 77% to hit)
The stone arrow hits the orc warlord but does no damage.
The orc warlord is moderately wounded.
The orc warrior shouts!
The orc warrior barely misses you. You block the orc warlord's attack.
The hobgoblin closely misses you.
The hobgoblin hits you with a +0 hand axe!
The hobgoblin hits you with a +0 hand axe.
Unknown command.
You hit the hobgoblin.
The hobgoblin is moderately wounded.
The orc warrior misses you.
The orc warlord hits you from afar with a +0 glaive of flaming!!
* * * LOW HITPOINT WARNING * * *
The orc warlord burns you!
* * * LOW HITPOINT WARNING * * *
The gnoll hits you with a +0 morningstar of protection!
You die...

#.)...⌠)....#.....
#..)........#.....
#..)).).....#.....
###.).......###....
###.#)#.....###
###..
###.....###.### ###
##...o.....### #
#.....g....8##.
#.....o@gg.8#..
#∩....⌠g.o..'..
#....)..g..8#..
#.....)....8##.
##....)....##
###...))### ###.#)#
###.)......
.).......


You could see an orc warlord (can't see you), 2 orc warriors, a gnoll (can't see
you), 3 hobgoblins and a goblin (can't see you).

Vanquished Creatures
  A boulder beetle (D:6)
  2 orc knights (Bailey)
  A slime creature (D:6)
  A sky beast (D:7)
  7 orc warriors (Bailey)
  3 ice beasts (D:5)
  5 black bears
  Pargi (Sewer)
  3 centaurs
  2 ogres
  A phantom (D:5)
  A necrophage (D:7)
  3 scorpions
  A killer bee (D:7)
  4 hounds
  2 jellies (D:6)
  2 orc priests (D:7)
  Natasha (D:3)
  An iguana (D:5)
  4 orc wizards
  5 gnolls (Bailey)
  6 adders
  A white imp (D:5)
  An ufetubus (D:6)
  A dart slug (D:2)
  26 orcs
  3 ball pythons
  2 bats
  6 endoplasms
  6 giant cockroaches
  12 goblins
  12 hobgoblins
  10 quokkas
  A frilled lizard (D:2)
  6 kobolds
  3 rats
147 creatures vanquished.

Vanquished Creatures (collateral kills)
  A bullfrog (D:7)
  3 killer bees (D:7)
  A jelly (D:6)
  Natasha (twice) (D:3)
  An adder (D:3)
  A white imp (D:7)
  2 worms
  A dart slug (D:3)
  5 orcs
  A ball python (D:3)
  An endoplasm (D:3)
  A giant cockroach (D:2)
  3 goblins (D:7)
  3 quokkas
  A bat (D:2)
  5 kobolds
32 creatures vanquished.

Vanquished Creatures (others)
  A quokka (D:4)
  A plant (D:2)
2 creatures vanquished.

Grand Total: 181 creatures vanquished

Notes
Turn   | Place    | Note
-------+----------+-------------------------------------------
     0 | D:1      | Shayle the Ogre Hedge Wizard began the quest for the Orb.
     0 | D:1      | Reached XP level 1. HP: 16/16 MP: 5/5
    62 | D:1      | Reached skill level 1 in Translocations
   412 | D:1      | Reached skill level 1 in Conjurations
   412 | D:1      | Reached skill level 1 in Summonings
   774 | D:1      | Reached XP level 2. HP: 7/26 MP: 0/6
  1007 | D:1      | Learned a level 2 spell: Blink
  1010 | D:1      | Learned a level 2 spell: Call Imp
  1635 | D:2      | Reached skill level 1 in Fighting
  1918 | D:2      | Reached XP level 3. HP: 19/33 MP: 4/8
  2536 | D:2      | Found a faded altar of an unknown god.
  3485 | D:3      | Reached XP level 4. HP: 26/42 MP: 9/9
  3624 | D:3      | Learned a level 3 spell: Mephitic Cloud
  3742 | D:3      | Found a shimmering blue altar of Sif Muna.
  4204 | D:4      | Noticed Natasha
  4212 | D:3      | Killed Natasha
  4213 | D:3      | Reached XP level 5. HP: 19/50 MP: 8/11
  4435 | D:3      | Noticed Natasha
  4442 | D:3      | Killed Natasha
  4524 | D:3      | Noticed Natasha
  4569 | D:3      | Killed Natasha
  5074 | D:4      | Reached XP level 6. HP: 59/59 MP: 9/12
  5108 | D:4      | You fall into a shaft and drop 2 floors!
  5161 | D:6      | Found a staircase to the Ecumenical Temple.
  5168 | Temple   | Entered the Ecumenical Temple
  5339 | Temple   | Became a worshipper of Ashenzari the Shackled
  5363 | D:6      | Noticed a black bear
  5379 | D:6      | Noticed a black bear
  5385 | D:6      | Killed a black bear
  5386 | D:6      | Reached skill level 1 in Air Magic
  5386 | D:6      | Reached skill level 1 in Poison Magic
  5401 | D:6      | Killed a black bear
  5402 | D:6      | Reached XP level 7. HP: 60/67 MP: 13/13
  5457 | D:6      | Found a glowing drain.
  5479 | Sewer    | Entered a sewer
  5586 | Sewer    | Noticed Pargi
  5600 | Sewer    | Killed Pargi
  5996 | D:6      | Reached skill level 5 in Spellcasting
  6015 | D:5      | Entered Level 5 of the Dungeon
  6022 | D:5      | Reached XP level 8. HP: 78/78 MP: 15/15
  7531 | D:5      | Reached skill level 1 in Throwing
  7576 | D:5      | Reached skill level 5 in Fighting
  7576 | D:5      | Reached skill level 1 in Unarmed Combat
  7576 | D:5      | Reached XP level 9. HP: 86/88 MP: 11/17
  8210 | D:6      | Noticed a boulder beetle
  8237 | D:6      | Killed a boulder beetle
  8536 | D:7      | Learned a level 3 spell: Stone Arrow
  8576 | D:7      | Reached XP level 10. HP: 49/98 MP: 19/19
  8590 | D:7      | Found a flagged portal.
  8606 | Bailey   | Entered a bailey
  8939 | Bailey   | Noticed an orc knight
  8939 | Bailey   | Noticed an orc knight
  8952 | Bailey   | Killed an orc knight
  8973 | Bailey   | Killed an orc knight
  9142 | Bailey   | Noticed an orc warlord
  9157 | Bailey   | Identified the +1 robe of Trumpets {rC+ Str+4 Slay+5}
  9162 | Bailey   | HP: 2/100 [orc warlord/+0 glaive of flaming (8)]
  9162 | Bailey   | Mangled by a gnoll

Illustrated notes

Levels and vault maps discovered:
D:1:      minmay_arrival_arboretum_small, layout_basic
D:2:      layout_loops_ring, shapermc_ecumenical_altar_notcrosses,
          chequers_big_river, chequers_serial_rivers_small_b,
          corexii_leaking_fountain
D:3:      layout_basic, old_standard_altar, serial_park_tiny_1
D:4:      layout_gridville, uniq_natasha
D:5:      black_bear_nest_2, layout_basic, corexii_checkpoint_a,
          chequers_serial_rivers_large_a, skrybe_limestone_x, minmay_checkerbox
D:6:      layout_basic, minmay_temple_entry_junction, gup_sewer_entry_pipe,
          minmay_three_doors
D:7:      minmay_general_purpose_star, layout_basic, enter_bailey_3
Temple:   bh_familiar_temple
Bailey:   bailey_axe_minmay_hex_keep, bailey

Skill      XL: |  1  2  3  4  5  6  7  8  9 10 |
---------------+-------------------------------+-----
Translocations | 1 2 3 4 |  4.5
Conjurations   | 1 2 3 4 |  4.6
Summonings     | 1 2 3 4 |  4.6
Fighting       | 1 2 3 4 5 6 |  6.5
Dodging        | 2 3 4 |  4.8
Spellcasting   | 4 5 6 |  6.7
Air Magic      | 1 2 3 4 |  4.2
Poison Magic   | 1 2 3 4 |  4.2
Throwing       | 1 2 3 |  3.2
Unarmed Combat | 1 2 3 |  3.1
Stealth        | |  1.7

Action                   |  1- 3 |  4- 6 |  7- 9 | 10-12 || total
-------------------------+-------+-------+-------+-------++-------
Melee: Dagger            |   131 |       |       |       ||   131
       Long sword        |    16 |     3 |       |       ||    19
       Whip              |       |    80 |   143 |       ||   223
       Demon blade       |       |       |   100 |    85 ||   185
       Punch             |       |       |     2 |     3 ||     5
Throw: Large rock        |       |       |     3 |     4 ||     7
 Cast: Magic Dart        |    14 |     2 |     8 |       ||    24
       Call Imp          |    11 |    16 |    18 |     1 ||    46
       Mephitic Cloud    |       |       |    18 |     9 ||    27
       Blink             |       |       |     1 |     3 ||     4
       Stone Arrow       |       |       |       |     5 ||     5
Invok: Curse Item        |       |       |     1 |       ||     1
Evoke: Wand              |       |     7 |    12 |     7 ||    26
  Use: Scroll            |     3 |       |    14 |       ||    17
       Potion            |     2 |       |     1 |     3 ||     6
 Stab: Sleeping          |       |     1 |     3 |       ||     4
       Paralysed         |       |     5 |     5 |       ||    10
       Confused          |       |       |     6 |     5 ||    11
Armor: Robe              |    46 |    10 |    10 |       ||    66
       Troll leather arm |       |       |    76 |    18 ||    94
Dodge: Dodged            |    72 |    48 |   132 |    53 ||   305
Block: Other             |    25 |    21 |    66 |    21 ||   133
       Reflection        |     1 |       |     2 |       ||     3

Table legend: (Time is in decaauts)
 A = Elapsed time spent in this place.
 B = Non-inter-level travel time spent in this place.
 C = Inter-level travel time spent in this place.
 D = Time resting spent in this place.
 E = Time spent auto-exploring this place.
 F = Levels seen in this place.
 G = Mean time per level.
                   A        B        C        D        E       F      G
               +--------+--------+--------+--------+--------+-----+--------+
         Total |   9309 |   8813 |    496 |   2624 |   3711 |  10 |  930.9 |
       Dungeon |   8328 |   7861 |    467 |   2335 |   3697 |   7 | 1189.7 |
        Temple |    187 |    158 |     29 |      0 |      0 |   1 |  187.0 |
         Sewer |    209 |    209 |      0 |     25 |      0 |   1 |  209.0 |
        Bailey |    583 |    583 |      0 |    264 |     14 |   1 |  583.0 |
               +--------+--------+--------+--------+--------+-----+--------+

Top non-repeatable levels by time:
     D:3: 1856 daAuts
     D:2: 1716 daAuts
     D:1: 1413 daAuts
     D:5: 1204 daAuts
     D:6: 1167 daAuts
     D:4: 773 daAuts
  Bailey: 583 daAuts
   Sewer: 209 daAuts
     D:7: 197 daAuts
  Temple: 187 daAuts
